[Event "Titled Tuesday Blitz May 11 2021"]
[White "Pajeken, Jakob Leon"]
[Black "Alavi, Sayed Javad"]
[WhiteFideId "12942839"]
[BlackFideId "12500607"]
[WhiteElo "2024"]
[BlackElo "2495"]
[Result "0-1"]
[Round "02"]
[TimeControl "180+1"]
[Date "2021.05.11"]
[WhiteClock "0:00:13"]
[BlackClock "0:00:08"]

1. d4 Nf6 2. Nf3 e6 3. Bf4 c5 4. e3 b6 5. Nc3 cxd4 6. Nxd4 a6 7. Qf3 d5 8. O-O-O Bb7 9. g4 Be7 10. g5 Nfd7 11. Bh3 O-O 12. Bxe6 fxe6 13. Nxe6 Qe8 14. Nxd5 Nc5 15. Nxf8 Bxf8 16. Rhg1 Qf7 17. e4 Nc6 18. Kb1 Re8 19. Rge1 Ne6 20. Qg3 Nxf4 21. Nxf4 Bc5 22. Nd3 Bd4 23. c3 Be5 24. f4 Bc7 25. e5 Ne7 26. Nb4 a5 27. Nc2 Nf5 28. Qf2 Bd5 29. a3 Bb3 30. Rd2 Rc8 31. Nd4 Nxd4 32. Qxd4 Qf5+ 33. Ka1 Be6 34. Qe4 Qf7 35. Rf1 Rf8 36. h4 g6 37. Qc6 Bxe5 38. Re2 Bc4 39. Rxe5 Bxf1 40. Qxb6 Qxf4 41. Re7 Bc4 42. Re1 Qf1 43. Qe3 Qxe1+ 44. Qxe1 Rf1 45. Qxf1 Bxf1 46. b4 axb4 47. cxb4 Kf7 48. Kb2 Ke6 49. a4 Kd5 50. Kc3 Be2 51. Kd2 Bc4 52. Kc3 Bf1 53. b5 Kc5 54. Kb3 Bc4+ 55. Kc3 Bd5 56. Kd3 Bb3 57. a5 Kxb5 58. Kd4 Kxa5 59. Ke5 Bd1 60. Kf6 Bh5 61. Kg7 Kb5 62. Kxh7 Kc4 63. Kg7 Kd4 64. Kf6 Ke4 0-1


[Site "https://www.chess.com"]

[Event "Titled Tuesday Blitz May 11 2021"]
[White "Pakleza, Zbigniew"]
[Black "Ozkan, Ervin"]
[WhiteFideId "1119290"]
[BlackFideId "6306004"]
[WhiteElo "2526"]
[BlackElo "2226"]
[Result "1-0"]
[Round "02"]
[TimeControl "180+1"]
[Date "2021.05.11"]
[WhiteClock "0:00:28"]
[BlackClock "0:00:34"]

1. d4 d5 2. Bf4 Nf6 3. e3 e6 4. Nd2 Bd6 5. Bg3 O-O 6. Ngf3 b6 7. Ne5 c5 8. c3 Bb7 9. f4 Nc6 10. Bd3 Ne7 11. Qb1 g6 12. Bf2 Ne8 13. g4 f6 14. Nef3 Nc6 15. g5 e5 16. Bxg6 hxg6 17. Qxg6+ Ng7 18. gxf6 Rxf6 19. Qg2 exf4 20. O-O-O fxe3 21. Bxe3 Qd7 22. h4 Bf4 23. Bxf4 Rxf4 24. h5 Kh8 25. dxc5 Ne6 26. Nh4 Rf6 27. cxb6 axb6 28. Kb1 d4 29. Ne4 Rh6 30. Ng6+ Kh7 31. Nf6+ 1-0


[Site "https://www.chess.com"]

[Event "Titled Tuesday Blitz May 11 2021"]
[White "Paul, Justin"]
[Black "Costachi, Mihnea"]
[WhiteFideId "2086581"]
[BlackFideId "1217518"]
[WhiteElo "2034"]
[BlackElo "2479"]
[Result "1/2-1/2"]
[Round "02"]
[TimeControl "180+1"]
[Date "2021.05.11"]
[WhiteClock "0:00:38"]
[BlackClock "0:01:36"]

1. Nf3 Nf6 2. b3 d5 3. Bb2 Nc6 4. e3 Bg4 5. Bb5 e6 6. h3 Bh5 7. g4 Bg6 8. Ne5 Qd6 9. d3 a6 10. Bxc6+ bxc6 11. Nd2 Nd7 12. f4 f6 13. Nxd7 Qxd7 14. Qf3 a5 15. a4 Bb4 16. O-O-O c5 17. e4 c4 18. f5 c3 19. fxg6 cxd2+ 20. Kb1 hxg6 21. exd5 Qxd5 22. Qxd5 exd5 23. c3 Bd6 24. Rxd2 Rb8 25. Kc2 g5 26. c4 c6 27. Bc3 Bb4 28. Re2+ Kf7 29. Re3 Bxc3 30. Kxc3 d4+ 31. Kxd4 Rxb3 32. Rhe1 Rd8+ 33. Kc5 Rdxd3 34. Rxd3 Rxd3 35. Kxc6 Rxh3 36. c5 f5 37. gxf5 Kf6 38. Kb6 g4 39. c6 Rc3 40. c7 g3 41. Rg1 Rb3+ 42. Kxa5 Rc3 43. Kb6 Rb3+ 44. Kc6 Rc3+ 45. Kd7 Rd3+ 46. Kc8 Kxf5 47. a5 Ra3 48. Kb7 Rb3+ 49. Kc8 Ra3 50. a6 Kf4 51. a7 Rxa7 52. Kb8 Rxc7 53. Kxc7 Kf3 54. Kd6 Kf2 55. Ra1 g2 56. Ke5 g5 57. Kf5 g4 58. Kxg4 g1=R+ 59. Rxg1 Kxg1 1/2-1/2


[Site "https://www.chess.com"]

[Event "Titled Tuesday Blitz May 11 2021"]
[White "Piesik, Piotr"]
[Black "Sevian, Samuel"]
[WhiteFideId "1136194"]
[BlackFideId "2040506"]
[WhiteElo "2369"]
[BlackElo "2980"]
[Result "0-1"]
[Round "02"]
[TimeControl "180+1"]
[Date "2021.05.11"]
[WhiteClock "0:01:10"]
[BlackClock "0:01:55"]

1. Nf3 Nf6 2. g3 d5 3. Bg2 Nbd7 4. O-O e5 5. d3 c6 6. Nbd2 Bd6 7. e4 O-O 8. Qe2 Re8 9. a4 Nf8 10. b3 Ng6 11. Bb2 Bd7 12. Rfd1 a5 13. Nf1 Qc7 14. N3d2 d4 15. Nc4 Bb4 16. Bc1 b5 17. Nb2 Bc3 18. Ra2 Bg4 19. Bf3 Be6 20. Bd2 Nd7 21. Bg4 Bxg4 22. Qxg4 Nc5 23. Re1 Na6 24. Bxc3 dxc3 25. Nd1 Nb4 26. Nxc3 Nxa2 27. Nxa2 bxa4 28. bxa4 Rab8 29. Ne3 Qe7 30. Nc4 Nf8 31. Nxa5 Qa3 32. Nxc6 Qxa2 33. Nxb8 Rxb8 34. Qg5 Qxc2 35. Qxe5 Rd8 36. d4 Qxa4 37. d5 Ng6 38. Qc7 Re8 39. e5 Qb4 40. Re3 h5 41. e6 fxe6 42. dxe6 Qe7 43. Qc2 Qf6 44. Qc5 h4 45. Qd5 Ne7 46. Qd7 Rf8 47. Qd2 h3 48. Qe2 Nf5 49. e7 Qa1+ 50. Qe1 Qxe1+ 51. Rxe1 Re8 52. f4 Kf7 53. Kf2 Nxe7 54. Kf3 Rh8 55. Kg4 Nd5 56. Ra1 Nf6+ 57. Kf3 Rb8 58. Ra2 Rb3+ 0-1


[Site "https://www.chess.com"]

[Event "Titled Tuesday Blitz May 11 2021"]
[White "Pile, Richard"]
[Black "Narayanan.S.L"]
[WhiteFideId "624110"]
[BlackFideId "5058422"]
[WhiteElo "2376"]
[BlackElo "2617"]
[Result "1-0"]
[Round "02"]
[TimeControl "180+1"]
[Date "2021.05.11"]
[WhiteClock "0:00:21"]
[BlackClock "0:00:33"]

1. e4 e6 2. d4 d5 3. Nd2 c5 4. Ngf3 cxd4 5. Nxd4 Nc6 6. Bb5 Bd7 7. Nxc6 bxc6 8. Bd3 Bd6 9. Qe2 Qc7 10. c4 Ne7 11. Nf3 dxe4 12. Bxe4 O-O 13. O-O Rae8 14. Rd1 f5 15. Bc2 c5 16. Qd3 Nc8 17. Bf4 Bxf4 18. Qxd7 Nb6 19. Qxc7 Bxc7 20. a4 a5 21. Ne1 Nxc4 22. Bb3 Nb6 23. Rac1 c4 24. Bxc4 Nxc4 25. Rxc4 Be5 26. Nd3 Rd8 27. Kf1 Rd5 28. Ke2 Rfd8 29. b3 Bf6 30. Rc5 Rxc5 31. Nxc5 Rc8 32. Rc1 Bd4 33. Nd3 Rb8 34. Rc4 e5 35. f4 Rxb3 36. fxe5 Bb6 37. Rc8+ Kf7 38. Rb8 g5 39. Rb7+ Kg6 40. e6 f4 41. e7 Kf7 42. Ne5+ Ke8 43. Nc6 Re3+ 44. Kd2 Bc5 45. Rb8+ Kd7 46. Rd8+ Kxc6 47. e8=Q+ Rxe8 48. Rxe8 g4 49. Rg8 h5 50. Rg5 f3 51. gxf3 gxf3 52. Rxh5 Bd6 53. h3 Bc5 54. Kd3 f2 55. Rf5 Kd6 56. h4 Ke6 57. Rf3 1-0


[Site "https://www.chess.com"]

[Event "Titled Tuesday Blitz May 11 2021"]
[White "Postny, Evgeny"]
[Black "Ognean, Mihnea-Ionut"]
[WhiteFideId "2804344"]
[BlackFideId "1232347"]
[WhiteElo "2537"]
[BlackElo "2012"]
[Result "1-0"]
[Round "02"]
[TimeControl "180+1"]
[Date "2021.05.11"]
[WhiteClock "0:00:22"]
[BlackClock "0:00:03"]

1. d4 Nf6 2. Nf3 e6 3. Bg5 h6 4. Bxf6 Qxf6 5. e4 d6 6. Nc3 g6 7. Qd2 Bg7 8. O-O-O Qe7 9. h4 a6 10. h5 g5 11. e5 d5 12. Ne2 c5 13. c3 Nc6 14. Nh2 b5 15. Ng4 Bd7 16. f4 gxf4 17. Qxf4 O-O-O 18. Nf6 Kb7 19. Rh3 cxd4 20. cxd4 Bxf6 21. exf6 Qb4 22. Rc3 Rc8 23. a3 Qf8 24. Kb1 Na5 25. Rdc1 Rxc3 26. Rxc3 Qb8 27. Rg3 Nc6 28. Rg7 Qxf4 29. Nxf4 Nxd4 30. Rxf7 Kc6 31. Ng6 Rd8 32. Rh7 Be8 33. f7 Bxf7 34. Rxf7 Kd6 35. Bd3 Rc8 36. Rh7 a5 37. Rxh6 a4 38. Rh8 Nb3 39. Rxc8 1-0


[Site "https://www.chess.com"]

[Event "Titled Tuesday Blitz May 11 2021"]
[White "Praggnanandhaa R"]
[Black "Kalashian, David"]
[WhiteFideId "25059530"]
[BlackFideId "13302418"]
[WhiteElo "2555"]
[BlackElo "2490"]
[Result "1-0"]
[Round "02"]
[TimeControl "180+1"]
[Date "2021.05.11"]
[WhiteClock "0:00:07"]
[BlackClock "0:00:01"]

1. Nf3 Nf6 2. e3 e6 3. b3 d5 4. Bb2 c5 5. c4 Nc6 6. cxd5 exd5 7. Bb5 Be7 8. Ne5 Qc7 9. O-O O-O 10. Bxc6 bxc6 11. d3 a5 12. Nd2 Ba6 13. f4 Bd6 14. Rf3 Nd7 15. Rh3 Bxe5 16. fxe5 Bxd3 17. e4 dxe4 18. Qh5 e3 19. Rxe3 Bg6 20. Qg4 Rfe8 21. Rae1 Nf8 22. Nc4 a4 23. Rf1 Ne6 24. h4 h5 25. Qe2 axb3 26. axb3 Nd4 27. Qf2 Ra2 28. Kh1 Re6 29. Qf4 Kh7 30. g4 Qd7 31. Rf2 Qd5+ 32. Kh2 Rxb2 33. Rxb2 hxg4 34. Qxg4 Nf5 35. Ree2 Nh6 36. Qf4 Bh5 37. Rbd2 Bxe2 38. Rxd5 cxd5 39. Nd6 d4 40. Kg3 d3 41. Kf2 Rg6 42. Ne4 Rg4 43. Ng5+ Kg8 44. Qd2 Rxh4 45. Qa2 Rh2+ 46. Kg3 Nf5+ 47. Kxh2 g6 48. Qa8+ Kg7 49. Qd5 Nh6 50. e6 f6 51. Qd7+ Kg8 52. e7 Kg7 53. e8=Q+ Nf7 54. Qdxf7+ Kh6 55. Qxg6# 1-0


[Site "https://www.chess.com"]

[Event "Titled Tuesday Blitz May 11 2021"]
[White "Prithu Gupta"]
[Black "Jarovinsky, Alexey"]
[WhiteFideId "46618546"]
[BlackFideId "14115131"]
[WhiteElo "1775"]
[BlackElo "2446"]
[Result "0-1"]
[Round "02"]
[TimeControl "180+1"]
[Date "2021.05.11"]
[WhiteClock "0:00:09"]
[BlackClock "0:00:04"]

1. d4 e6 2. Bf4 Nf6 3. e3 b6 4. Nf3 Bb7 5. a4 a6 6. Be2 Nh5 7. Bg5 Be7 8. Bxe7 Qxe7 9. O-O Nf6 10. a5 O-O 11. c3 d6 12. Nbd2 Nbd7 13. axb6 cxb6 14. Nc4 a5 15. Na3 Rfb8 16. Nb5 Rc8 17. Nd2 Ba6 18. Re1 d5 19. f4 Bxb5 20. Bxb5 Qd6 21. Qa4 Nf8 22. Nf3 Ne4 23. Bd3 Nf6 24. Ne5 Ng6 25. Re2 Ne7 26. Rf1 Ne4 27. Qc2 f6 28. Nf3 Qc6 29. g4 b5 30. Qb1 Rc7 31. Rg2 Nc8 32. g5 Kh8 33. h4 Ncd6 34. h5 Nf5 35. h6 gxh6 36. gxf6 Nxe3 37. Ne5 Qe8 38. Bxe4 dxe4 39. Qxe4 Nxg2 40. f7 Qf8 41. Kxg2 Rac8 42. Rh1 Rxf7 43. Nxf7+ Qxf7 44. Rxh6 Qg7+ 45. Kf3 Qxh6 46. Qe5+ Qg7 47. Qxe6 Rf8 48. d5 Qf6 49. Qg4 h6 50. Ke4 Kh7 51. Qd7+ Rf7 52. Qg4 Re7+ 53. Kd3 Rg7 54. Qe6 Qxf4 55. d6 Qg5 56. Kc2 Qg6+ 57. Qxg6+ Kxg6 0-1


[Site "https://www.chess.com"]

[Event "Titled Tuesday Blitz May 11 2021"]
[White "Priyanka Nutakki"]
[Black "Tristan, Leonardo"]
[WhiteFideId "25049615"]
[BlackFideId "113816"]
[WhiteElo "1916"]
[BlackElo "2404"]
[Result "0-1"]
[Round "02"]
[TimeControl "180+1"]
[Date "2021.05.11"]
[WhiteClock "0:00:01"]
[BlackClock "0:00:10"]

1. c4 e6 2. Nf3 d5 3. e3 Nf6 4. Nc3 b6 5. b3 Bb7 6. Bb2 Nbd7 7. Be2 Bd6 8. d4 a6 9. O-O O-O 10. Rc1 Qe7 11. Qc2 dxc4 12. bxc4 e5 13. Rfd1 e4 14. Nd2 Rfe8 15. Nf1 h5 16. Na4 c5 17. dxc5 bxc5 18. Nc3 h4 19. Nd5 Bxd5 20. cxd5 Be5 21. Bxe5 Qxe5 22. Bc4 Qd6 23. Be2 h3 24. g3 Rac8 25. Nd2 Qxd5 26. Nc4 Qe6 27. Nd6 Ne5 28. Nxe8 Rxe8 29. Qxc5 Qf5 30. a4 Nf3+ 31. Kh1 Ng4 32. Rf1 Qf6 33. Qc6 Re6 34. Qc8+ Kh7 35. Qa8 Nfxh2 36. Rc8 Nxf1 37. Bxg4 Nxg3+ 38. fxg3 Qf1+ 39. Kh2 Qg2# 0-1


[Site "https://www.chess.com"]

[Event "Titled Tuesday Blitz May 11 2021"]
[White "Przybylski, Wojciech"]
[Black "Acor, Corey"]
[WhiteFideId "1117599"]
[BlackFideId "2024861"]
[WhiteElo "2317"]
[BlackElo "2807"]
[Result "0-1"]
[Round "02"]
[TimeControl "180+1"]
[Date "2021.05.11"]
[WhiteClock "0:00:08"]
[BlackClock "0:01:16"]

1. e4 e5 2. Nf3 Nc6 3. Bb5 Nge7 4. O-O d6 5. h3 Bd7 6. c3 Ng6 7. d4 Be7 8. Re1 O-O 9. a4 Kh8 10. Bd3 f5 11. exf5 Bxf5 12. Bxf5 Rxf5 13. dxe5 Ncxe5 14. Nd4 Rf7 15. Na3 Qd7 16. Qh5 Raf8 17. Be3 a6 18. b4 Bh4 19. Qe2 Nf4 20. Bxf4 Rxf4 21. g3 Rxf2 22. Qxf2 Rxf2 23. Kxf2 Nd3+ 24. Kg2 Nxe1+ 25. Rxe1 Bf6 26. Nf3 Qxa4 27. Nc4 Qa2+ 28. Kh1 h6 29. Ne3 Bxc3 30. Rf1 Qe2 31. Ng5 hxg5 32. Rf8+ Kh7 33. Ng4 Bd4 0-1


[Site "https://www.chess.com"]

[Event "Titled Tuesday Blitz May 11 2021"]
[White "Quintiliano Pinto, Renato R."]
[Black "Remolar Gallen, Jose"]
[WhiteFideId "2117568"]
[BlackFideId "2215187"]
[WhiteElo "2439"]
[BlackElo "2203"]
[Result "1-0"]
[Round "02"]
[TimeControl "180+1"]
[Date "2021.05.11"]
[WhiteClock "0:00:22"]
[BlackClock "0:00:02"]

1. d4 Nf6 2. c4 g6 3. Nf3 d6 4. Nc3 Bg7 5. Bg5 h6 6. Bh4 O-O 7. e3 c5 8. d5 Qa5 9. Nd2 a6 10. a4 e6 11. Be2 Qb4 12. dxe6 Bxe6 13. Ra3 Nc6 14. Rb3 Qa5 15. O-O Nb4 16. Bf3 Rab8 17. Qe2 g5 18. Bg3 g4 19. Be4 Rfd8 20. f3 Nxe4 21. Ndxe4 gxf3 22. gxf3 d5 23. cxd5 Nxd5 24. Ra3 Rbc8 25. Bh4 Re8 26. Nxd5 Bxd5 27. Nf6+ 1-0


[Site "https://www.chess.com"]

[Event "Titled Tuesday Blitz May 11 2021"]
[White "Reprintsev, Alexander"]
[Black "Aditya Mittal"]
[WhiteFideId "14100541"]
[BlackFideId "35042025"]
[WhiteElo "2177"]
[BlackElo "2171"]
[Result "0-1"]
[Round "02"]
[TimeControl "180+1"]
[Date "2021.05.11"]
[WhiteClock "0:00:31"]
[BlackClock "0:01:27"]

1. e4 c5 2. b3 Nc6 3. Bb2 d6 4. Bb5 Bd7 5. Ne2 a6 6. Bxc6 Bxc6 7. Ng3 Qd7 8. O-O O-O-O 9. d4 cxd4 10. Qxd4 h5 11. Qa7 e5 12. Nc3 h4 13. Nf5 g6 14. Ne3 b5 15. Qxa6+ Qb7 16. Qxb7+ Kxb7 17. a4 bxa4 18. bxa4 Nf6 19. f3 Bh6 20. Ned5 Bxd5 21. Nxd5 Nxd5 22. exd5 Rc8 23. Rfb1 Ka8 24. Ba3 Rhd8 25. Rb6 Be3+ 0-1


[Site "https://www.chess.com"]

[Event "Titled Tuesday Blitz May 11 2021"]
[White "Rud_Makarian"]
[Black "Eynullayev, Atilla"]
[BlackFideId "13413570"]
[WhiteElo "2704"]
[BlackElo "1997"]
[Result "1-0"]
[Round "02"]
[TimeControl "180+1"]
[Date "2021.05.11"]
[WhiteClock "0:00:21"]
[BlackClock "0:00:03"]

1. d4 Nf6 2. c4 e6 3. Nf3 d5 4. Nc3 c5 5. cxd5 Nxd5 6. e4 Nxc3 7. bxc3 cxd4 8. cxd4 Bb4+ 9. Bd2 Bxd2+ 10. Qxd2 O-O 11. Bc4 Nd7 12. O-O b6 13. Rfe1 Bb7 14. Rad1 Rc8 15. Bb3 h6 16. d5 exd5 17. exd5 Nc5 18. d6 Bxf3 19. gxf3 Qf6 20. Qd5 Rcd8 21. Re7 Ne6 22. Kf1 Nf4 23. Qe5 Qh4 24. Rd4 Qh3+ 25. Ke1 Ng6 26. Qe4 Qg2 27. Ke2 Qg5 28. Rxa7 Qb5+ 29. Ke1 Rfe8 30. Bxf7+ Kh8 31. Bxe8 Rxe8 32. Ra8 1-0


[Site "https://www.chess.com"]

[Event "Titled Tuesday Blitz May 11 2021"]
[White "Salinas Herrera, Pablo"]
[Black "De Waele, Warre"]
[WhiteFideId "3407128"]
[BlackFideId "241156"]
[WhiteElo "2541"]
[BlackElo "2183"]
[Result "1-0"]
[Round "02"]
[TimeControl "180+1"]
[Date "2021.05.11"]
[WhiteClock "0:00:05"]
[BlackClock "0:00:05"]

1. d4 Nf6 2. Bf4 d5 3. e3 c5 4. Nf3 Nc6 5. Nbd2 cxd4 6. exd4 Bf5 7. c3 e6 8. Qb3 Qc8 9. Be2 Be7 10. O-O O-O 11. Rfe1 Ne4 12. Nxe4 Bxe4 13. Rac1 Na5 14. Qa4 Qd8 15. Ne5 a6 16. f3 Bg6 17. b4 Nc4 18. Bxc4 dxc4 19. Nxg6 hxg6 20. Rcd1 b5 21. Qc2 Bd6 22. Bxd6 Qxd6 23. a4 a5 24. bxa5 Rxa5 25. axb5 Rxb5 26. Qa4 Qc6 27. Re5 Rfb8 28. h3 Qe8 29. Qxc4 Rxe5 30. dxe5 Rc8 31. Qd4 Qc6 32. Rd3 Qb5 33. Kh2 Rc4 34. Qe3 Qc5 35. Rd8+ Kh7 36. Qg5 Qf2 37. Rf8 Rxc3 38. Qd8 g5 39. Rh8+ Kg6 40. Qg8 Kf5 41. Qxf7+ Kxe5 42. Qxg7+ Kf4 43. Qxc3 Qg3+ 44. Kg1 e5 45. Rf8# 1-0


[Site "https://www.chess.com"]

[Event "Titled Tuesday Blitz May 11 2021"]
[White "Sapunov, Evgeny"]
[Black "Brunner, Nicolas"]
[WhiteFideId "4126661"]
[BlackFideId "620246"]
[WhiteElo "2470"]
[BlackElo "2372"]
[Result "1-0"]
[Round "02"]
[TimeControl "180+1"]
[Date "2021.05.11"]
[WhiteClock "0:00:15"]
[BlackClock "0:00:02"]

1. c4 c5 2. Nf3 Nc6 3. Nc3 e5 4. e3 Nf6 5. d4 cxd4 6. exd4 e4 7. Nd2 Bb4 8. Nb3 O-O 9. Bf4 d5 10. c5 Bg4 11. Qd2 Re8 12. Be3 b6 13. h3 Bh5 14. Bb5 Rc8 15. a3 Bxc3 16. Qxc3 Nd7 17. O-O bxc5 18. dxc5 Nde5 19. Bd4 Qg5 20. Kh2 Re6 21. Bxc6 Nxc6 22. Qg3 Qh6 23. Rac1 Be2 24. Rfe1 Bc4 25. Be3 Qh5 26. Nd4 Rg6 27. Qf4 Ne5 28. b3 Ba6 29. Qf5 Qxf5 30. Nxf5 Kf8 31. Rc3 Nd3 32. Rb1 Rf6 33. Nd4 Nxf2 34. b4 Bd3 35. Rbc1 Bc4 36. Rxc4 dxc4 37. Rxc4 Nd1 38. Bg5 Rg6 39. Bh4 e3 40. Nf3 e2 41. b5 Re6 42. c6 Ne3 43. Rc1 Nf1+ 44. Kg1 f6 45. Bf2 Rce8 46. a4 Ke7 47. Bxa7 Kd6 48. Bf2 Ra8 49. b6 Kd5 50. c7 1-0


[Site "https://www.chess.com"]

[Event "Titled Tuesday Blitz May 11 2021"]
[White "Saraci, Nderim"]
[Black "Sergey85Rodchenkov"]
[WhiteFideId "6351921"]
[WhiteElo "2486"]
[BlackElo "2542"]
[Result "1-0"]
[Round "02"]
[TimeControl "180+1"]
[Date "2021.05.11"]
[WhiteClock "0:00:31"]
[BlackClock "0:00:17"]

1. d4 Nf6 2. Nf3 b6 3. Bg5 Bb7 4. e3 g6 5. c4 Bg7 6. Nc3 O-O 7. Be2 d6 8. O-O Nbd7 9. Qc2 e5 10. dxe5 dxe5 11. Rad1 Qe7 12. Nd5 Bxd5 13. cxd5 h6 14. Bh4 g5 15. Bg3 Ne8 16. Bb5 Rd8 17. Qa4 a5 18. Qc2 Nc5 19. Bxe8 Rfxe8 20. e4 Nb7 21. Rc1 Rd7 22. Nd2 Nd6 23. Nc4 Qf6 24. f3 Bf8 25. Bf2 Qg6 26. Ne3 Rc8 27. Qc6 Rdd8 28. Rc2 h5 29. h3 Kh7 30. g4 Be7 31. Kg2 Qf6 32. Bg3 Kg6 33. Nf5 Nxf5 34. gxf5+ Kg7 35. Qxf6+ Kxf6 36. Rc6+ Bd6 37. h4 Rg8 38. hxg5+ Kxg5 39. Kh3 h4 40. Bh2 Kh5 41. Rcc1 Rg5 42. Rg1 Rcg8 43. Rxg5+ Rxg5 44. Rg1 Rxg1 45. Bxg1 Be7 46. Bf2 Bg5 47. Be1 Bf6 48. Bc3 Kg5 49. Bd2+ Kh5 50. b3 Bg5 51. Bc3 Bf6 52. f4 exf4 53. Bxf6 f3 54. Bxh4 f6 1-0


[Site "https://www.chess.com"]

[Event "Titled Tuesday Blitz May 11 2021"]
[White "Sarana, Alexey"]
[Black "De Silva, L M S T"]
[WhiteFideId "24133795"]
[BlackFideId "9953698"]
[WhiteElo "2629"]
[BlackElo "1621"]
[Result "1-0"]
[Round "02"]
[TimeControl "180+1"]
[Date "2021.05.11"]
[WhiteClock "0:01:00"]
[BlackClock "0:00:25"]

1. e4 e5 2. Nf3 Nc6 3. Bb5 a6 4. Ba4 Nf6 5. O-O Be7 6. Re1 b5 7. Bb3 d6 8. c3 O-O 9. h3 Na5 10. Bc2 c5 11. d4 Nd7 12. d5 Nb6 13. Nbd2 Nb7 14. Nf1 b4 15. g4 Bd7 16. Ng3 Rb8 17. Nf5 Bxf5 18. gxf5 bxc3 19. bxc3 c4 20. Be3 Qc7 21. Kh2 Nc5 22. Rg1 Kh8 23. Qd2 Nba4 24. Rg4 Nb2 25. Rag1 Rg8 26. Ng5 Bxg5 27. Bxg5 f6 28. Be3 Nbd3 29. Rh4 Qf7 30. Qe2 Rb2 31. Rg6 Rd8 32. Qh5 Kg8 33. Qxh7+ Kf8 34. Rhg4 Rb7 35. Bh6 gxh6 36. Rg8+ Ke7 37. Qxf7+ 1-0


[Site "https://www.chess.com"]

[Event "Titled Tuesday Blitz May 11 2021"]
[White "Sargsyan, Anna M."]
[Black "dropstoneDP"]
[WhiteFideId "13308130"]
[WhiteElo "2263"]
[BlackElo "2887"]
[Result "0-1"]
[Round "02"]
[TimeControl "180+1"]
[Date "2021.05.11"]
[WhiteClock "0:00:09"]
[BlackClock "0:00:31"]

1. d4 f5 2. c4 Nf6 3. Nc3 d6 4. Bg5 Nbd7 5. Qc2 g6 6. O-O-O h6 7. Bxf6 Nxf6 8. e4 Bg7 9. Bd3 fxe4 10. Nxe4 Nxe4 11. Bxe4 O-O 12. Bxg6 e5 13. Nf3 Bg4 14. dxe5 Bxf3 15. gxf3 Qg5+ 16. Kb1 Qxe5 17. Be4 Kh8 18. Rhg1 c6 19. Rg6 Rf6 20. Rxf6 Qxf6 21. Qc3 Qxc3 22. bxc3 Be5 23. Kc2 Rg8 24. Rb1 Rg7 25. h4 Kg8 26. h5 Kf8 27. Bg6 Re7 28. Kd3 Bf4 29. Rg1 Re6 30. Rg4 Rf6 31. Rg1 Ke7 32. Rb1 b6 33. Be4 Kd7 34. Rg1 Bg5 35. Rg3 a6 36. Bg6 b5 37. cxb5 axb5 38. Ke2 d5 39. Rg4 Kd6 40. a4 Re6+ 41. Kd3 Rf6 42. Ke2 Kc5 43. axb5 cxb5 44. Kd3 Rxf3+ 45. Kc2 Rxf2+ 46. Kb3 Bc1 47. Bc2 Rh2 48. Rg8 Rxh5 49. Rc8+ Kd6 50. Rb8 Bd2 51. Rxb5 Rh3 52. Rb6+ Kc5 53. Rg6 Rxc3+ 54. Kb2 Rh3 55. Bb3 Bc3+ 56. Kc2 Be5 57. Rg8 Rc3+ 58. Kb2 Rg3+ 0-1


[Site "https://www.chess.com"]

[Event "Titled Tuesday Blitz May 11 2021"]
[White "Sasikiran, Krishnan"]
[Black "Taichman, Ori"]
[WhiteFideId "5004985"]
[BlackFideId "2804069"]
[WhiteElo "2552"]
[BlackElo "2227"]
[Result "1-0"]
[Round "02"]
[TimeControl "180+1"]
[Date "2021.05.11"]
[WhiteClock "0:00:14"]
[BlackClock "0:00:04"]

1. e4 b6 2. d4 Bb7 3. Bd3 Nf6 4. Qe2 e6 5. Nf3 d5 6. e5 Nfd7 7. O-O c5 8. c3 Be7 9. a3 c4 10. Bc2 b5 11. Ne1 Qb6 12. f4 f5 13. exf6 Bxf6 14. Nf3 Na6 15. Be3 O-O-O 16. Nbd2 Nc7 17. Ne5 Bxe5 18. dxe5 Qc6 19. Nf3 Nc5 20. Nd4 Qd7 21. f5 Ne4 22. a4 exf5 23. axb5 Nxb5 24. Ba4 a6 25. Bxb5 axb5 26. e6 Qe7 27. Ra7 g6 28. Rfa1 Rhe8 29. Bf4 b4 30. Qe3 b3 31. R1a5 Rd6 32. Nb5 Rxe6 33. Ra8+ Bxa8 34. Rxa8+ Kb7 35. Qa7+ Kc6 36. Nd4# 1-0


[Site "https://www.chess.com"]

[Event "Titled Tuesday Blitz May 11 2021"]
[White "Senthil Maran K"]
[Black "Sipila, Vilka"]
[WhiteFideId "25035681"]
[BlackFideId "505455"]
[WhiteElo "2194"]
[BlackElo "2334"]
[Result "1-0"]
[Round "02"]
[TimeControl "180+1"]
[Date "2021.05.11"]
[WhiteClock "0:00:08"]
[BlackClock "0:00:11"]

1. d4 f5 2. Nf3 Nf6 3. g3 g6 4. Bg2 Bg7 5. O-O O-O 6. Nbd2 d6 7. Re1 c6 8. e4 fxe4 9. Nxe4 Nxe4 10. Rxe4 Bf5 11. Re1 e5 12. dxe5 dxe5 13. Qxd8 Rxd8 14. c3 Na6 15. Be3 Nc7 16. Rad1 Nd5 17. Bc5 b6 18. Ba3 Re8 19. c4 Nc7 20. Ng5 e4 21. Nxe4 c5 22. Nd6 Rxe1+ 23. Rxe1 Rd8 24. Nxf5 gxf5 25. Bf3 Kf7 26. b3 Rd2 27. Re2 Rd3 28. Kg2 Bd4 29. Bc1 Kf6 30. h4 Ne6 31. Bd5 Ng7 32. Bg5+ Kg6 33. Re7 h6 34. Bf7+ Kh7 35. Bf4 a6 36. h5 Bf6 37. Rb7 b5 38. Bg6+ Kg8 39. Rb6 Bd8 40. Rxa6 bxc4 41. bxc4 Kf8 42. Rd6 Rxd6 43. Bxd6+ Be7 44. Bxe7+ Kxe7 45. a4 Kd6 46. a5 Kc6 47. Kf3 Kb7 48. Kf4 Ka6 49. Bxf5 Nxh5+ 50. Ke5 Kxa5 51. g4 Ng7 52. Kf6 Ne8+ 53. Kg6 Kb4 54. Be6 Kc3 55. Kxh6 Kd4 56. f4 Ke4 57. f5 Ke5 58. g5 Nd6 59. g6 Ne4 60. g7 Nf6 61. Kg6 Ne4 62. g8=Q Nd6 63. Qg7+ Kf4 64. Qh6+ Ke5 65. Qe3+ Ne4 66. Qxe4+ Kxe4 67. Bd5+ Ke5 68. f6 Kd6 69. f7 Ke5 70. f8=Q Kd4 71. Qd6 Kc3 72. Qxc5 Kb3 73. Qb5+ Ka3 74. Be6 Ka2 75. c5+ Ka1 76. Bf5 Ka2 77. Bc2 Ka3 78. Qb3# 1-0


[Site "https://www.chess.com"]

[Event "Titled Tuesday Blitz May 11 2021"]
[White "Seo, Jung Min"]
[Black "Della Morte, German"]
[WhiteFideId "1734687"]
[BlackFideId "113522"]
[WhiteElo "2486"]
[BlackElo "2363"]
[Result "1-0"]
[Round "02"]
[TimeControl "180+1"]
[Date "2021.05.11"]
[WhiteClock "0:01:17"]
[BlackClock "0:00:20"]

1. e4 e5 2. Nf3 Nc6 3. Bc4 Nf6 4. d3 Bc5 5. c3 O-O 6. a4 a6 7. O-O d6 8. Nbd2 Ba7 9. h3 Re8 10. Re1 h6 11. Nf1 Be6 12. Bxe6 Rxe6 13. Be3 Bxe3 14. Nxe3 Qd7 15. Qb3 b6 16. Nd5 Ne7 17. Nxe7+ Rxe7 18. Rad1 Rae8 19. Qc4 b5 20. axb5 axb5 21. Qb3 d5 22. Qc2 Qc6 23. exd5 Nxd5 24. d4 exd4 25. Rxe7 Rxe7 26. Nxd4 Qc5 27. Qf5 g6 28. Nb3 gxf5 29. Nxc5 c6 30. Kf1 Kg7 31. Nb3 Ra7 32. Nd4 Ne7 33. Ke2 Kf6 34. h4 Ra2 35. Rd2 Ra1 36. g3 Rb1 37. b4 Rc1 38. Rd3 Ra1 39. Nxc6 Ra2+ 40. Kf3 Ng6 41. Rd6+ Kg7 42. h5 Nf8 43. Nd4 Ne6 44. Nxe6+ fxe6 45. Rxe6 Rc2 46. Rg6+ Kh7 47. Rc6 Kg7 48. Ke3 Kh7 49. f3 Rg2 50. Kf4 Rf2 51. Rc7+ Kg8 52. Rc5 Rc2 53. Kxf5 Kg7 54. f4 1-0


[Site "https://www.chess.com"]

[Event "Titled Tuesday Blitz May 11 2021"]
[White "Sethuraman, S.P."]
[Black "Rostovtsev, Dmitry"]
[WhiteFideId "5021596"]
[BlackFideId "34278320"]
[WhiteElo "2477"]
[BlackElo "2143"]
[Result "1-0"]
[Round "02"]
[TimeControl "180+1"]
[Date "2021.05.11"]
[WhiteClock "0:00:27"]
[BlackClock "0:00:42"]

1. e4 c5 2. Nf3 d6 3. Bb5+ Nd7 4. a4 Nf6 5. Nc3 a6 6. Be2 g6 7. a5 Bg7 8. O-O O-O 9. Re1 Ne5 10. Nxe5 dxe5 11. b3 Qc7 12. Bc4 Bg4 13. f3 Be6 14. Bxe6 fxe6 15. Qe2 Qd6 16. Kh1 Kh8 17. Nd1 Nh5 18. g3 Rf7 19. Ne3 Raf8 20. Rf1 Qd4 21. Ra4 Qd7 22. Nc4 Qb5 23. Bb2 Rd8 24. d3 Qd7 25. Bxe5 Qe8 26. f4 Nf6 27. Kg2 Qc6 28. Bb2 Qc7 29. Raa1 Kg8 30. Rae1 Rb8 31. Be5 Qc8 32. Bxb8 Qxb8 33. h3 Bh6 34. Qe3 Nh5 35. Qxc5 g5 36. Qe5 Qxe5 37. Nxe5 Rg7 38. f5 exf5 39. exf5 Nf6 40. g4 Kf8 41. Nf3 Rg8 42. Re6 Bg7 43. Rb6 Kf7 44. Rxb7 Rd8 45. Re1 Rc8 46. Rexe7+ Kf8 47. Rf7+ Ke8 48. Rxg7 Kd8 49. c4 1-0


[Site "https://www.chess.com"]